TOP OF THE 1ST |
Colorado Avalanche batting - Pitching for Oakland Oaks : RHP Paul Olson
|
Pitching: RHP Paul Olson
|
|
Batting: LHB Zane Kelton
|
0-0: Ball 1-0: Ground out 4-3 (Groundball, 34, EV 88.8 MPH)
|
Batting: LHB Mick Tucker
|
0-0: Called Strike 0-1: Foul Ball, location: 2F 0-2: Foul Ball, location: 2F 0-2: Foul Ball, location: 2F 0-2: Ball 1-2: Foul Ball, location: 2F 1-2: Ball 2-2: Ball 3-2: Foul Ball, location: 2F 3-2: DOUBLE (Line Drive, 7LS, EV 104.4 MPH)
|
Batting: RHB Chris Tatum
|
0-0: Swinging Strike 0-1: Ball 1-1: Foul Ball, location: 2F 1-2: Foul Ball, location: 2F 1-2: Ball 2-2: Ball 3-2: 2-RUN HOME RUN (Flyball, 7LD, EV 91.2 MPH), Distance : 345 ft
|
Batting: SHB Ken Griffey IV
|
0-0: Ball 1-0: Called Strike 1-1: Fly out, F8 (Flyball, 8LD, EV 103.1 MPH)
|
Batting: RHB Seisaburo Edagawa
|
0-0: Foul Ball, location: 2F 0-1: Foul Ball, location: 2F 0-2: Ball 1-2: Strikes out swinging
|
Top of the 1st over - 2 runs, 2 hits, 0 errors, 0 left on base; Colorado 2 - Oakland 0 |
BOTTOM OF THE 1ST |
Oakland Oaks batting - Pitching for Colorado Avalanche : RHP Don Carriere
|
Pitching: RHP Don Carriere
|
|
Batting: RHB Gabe Secundino
|
0-0: Called Strike 0-1: Called Strike 0-2: Ball 1-2: Strikes out swinging
|
Batting: RHB Nathaniel Adderley
|
0-0: Called Strike 0-1: Ball 1-1: Ball 2-1: Ball 3-1: Foul Ball, location: 2F 3-2: Ground out 5-3 (Groundball, 56, EV 91.2 MPH)
|
Batting: RHB Pete Goerge
|
0-0: Ground out U3 (Groundball, 3S, EV 84.4 MPH)
|
Bottom of the 1st over - 0 runs, 0 hits, 0 errors, 0 left on base; Colorado 2 - Oakland 0 |
TOP OF THE 2ND |
Colorado Avalanche batting - Pitching for Oakland Oaks : RHP Paul Olson
|
Batting: RHB Bob Hayes
|
0-0: Ball 1-0: SINGLE (Groundball, 6S, EV 74.4 MPH) (infield hit)
|
Batting: LHB Jerry Santana
|
0-0: Fly out, F5 (Flyball, 5D, EV 94.4 MPH)
|
Batting: RHB Aaron Burnet
|
0-0: Ball 1-0: Swinging Strike 1-1: Ball 2-1: Swinging Strike 2-2: Foul Ball, location: 2F 2-2: Ball 3-2: Foul Ball, location: 2F 3-2: Strikes out looking
|
Batting: RHB Mike Chiquete
|
0-0: Called Strike 0-1: Foul Ball, location: 2F 0-2: Strikes out looking
|
Top of the 2nd over - 0 runs, 1 hit, 0 errors, 1 left on base; Colorado 2 - Oakland 0 |
BOTTOM OF THE 2ND |
Oakland Oaks batting - Pitching for Colorado Avalanche : RHP Don Carriere
|
Batting: RHB Rafael Alarcon
|
0-0: Called Strike 0-1: Ball 1-1: Swinging Strike 1-2: Ball 2-2: Foul Ball, location: 2F 2-2: Ground out 5-3 (Groundball, 56S, EV 68.1 MPH)
|
Batting: RHB Ryan Jennings
|
0-0: Called Strike 0-1: SINGLE (Flyball, 56D, EV 91.9 MPH)
|
Batting: RHB Amare Brown
|
0-0: Ball 1-0: Foul Ball, location: 2F 1-1: Foul Ball, location: 2F 1-2: Ball 2-2: Foul Ball, location: 2F 2-2: Foul Ball, location: 2F 2-2: Foul Ball, location: 2F 2-2: Strikes out looking
|
Batting: LHB Bill Helmer
|
0-0: Called Strike 0-1: Foul Ball, location: 2F 0-2: Foul Ball, location: 2F 0-2: Foul Ball, location: 2F 0-2: Ball 1-2: Ball 2-2: Ball 3-2: Strikes out swinging
|
Bottom of the 2nd over - 0 runs, 1 hit, 0 errors, 1 left on base; Colorado 2 - Oakland 0 |
TOP OF THE 3RD |
Colorado Avalanche batting - Pitching for Oakland Oaks : RHP Paul Olson
|
Batting: LHB Zane Kelton
|
0-0: Ball 1-0: Foul Ball, location: 2F 1-1: Ball 2-1: Foul Ball, location: 2F 2-2: Ball 3-2: Base on Balls
|
Pitching: RHP Herman McPherson
|
|
Batting: LHB Mick Tucker
|
0-0: Called Strike 0-1: Grounds into double play, 4-6-3 (Groundball, 4, EV 103.1 MPH)
|
Batting: RHB Chris Tatum
|
0-0: Ball 1-0: Called Strike 1-1: Foul Ball, location: 2F 1-2: Ball 2-2: Fly out, F9 (Line Drive, 9LM, EV 90.6 MPH)
|
Top of the 3rd over - 0 runs, 0 hits, 0 errors, 0 left on base; Colorado 2 - Oakland 0 |
BOTTOM OF THE 3RD |
Oakland Oaks batting - Pitching for Colorado Avalanche : RHP Don Carriere
|
Batting: RHB Edwin Nunez
|
0-0: Ball 1-0: Ground out 4-3 (Groundball, 4M, EV 102.5 MPH)
|
Batting: RHB Dave Villarreal
|
0-0: Called Strike 0-1: Ball 1-1: Ball 2-1: Foul Ball, location: 2F 2-2: Ground out 6-3 (Groundball, 6MS, EV 83.1 MPH)
|
Batting: RHB Gabe Secundino
|
0-0: Foul Ball, location: 2F 0-1: Foul Ball, location: 2F 0-2: Strikes out looking
|
Bottom of the 3rd over - 0 runs, 0 hits, 0 errors, 0 left on base; Colorado 2 - Oakland 0 |
TOP OF THE 4TH |
Colorado Avalanche batting - Pitching for Oakland Oaks : RHP Herman McPherson
|
Batting: SHB Ken Griffey IV
|
0-0: Ball 1-0: Fly out, F7 (Flyball, 78M, EV 90.6 MPH)
|
Batting: RHB Seisaburo Edagawa
|
0-0: Called Strike 0-1: Called Strike 0-2: Ball 1-2: Ball 2-2: Strikes out swinging, 2-3 out at first.
|
Batting: RHB Bob Hayes
|
0-0: Fly out, F9 (Flyball, 9S, EV 86.9 MPH)
|
Top of the 4th over - 0 runs, 0 hits, 0 errors, 0 left on base; Colorado 2 - Oakland 0 |
BOTTOM OF THE 4TH |
Oakland Oaks batting - Pitching for Colorado Avalanche : RHP Don Carriere
|
Batting: RHB Nathaniel Adderley
|
0-0: Called Strike 0-1: SINGLE (Groundball, 6S, EV 69.4 MPH) (infield hit)
|
Batting: RHB Pete Goerge
|
0-0: Called Strike 0-1: 2-RUN HOME RUN (Flyball, 78XD, EV 106.9 MPH), Distance : 430 ft
|
Batting: RHB Rafael Alarcon
|
0-0: SOLO HOME RUN (Line Drive, 7LD, EV 96.2 MPH), Distance : 354 ft
|
Batting: RHB Ryan Jennings
|
0-0: Ball 1-0: Ball 2-0: Called Strike 2-1: Foul Ball, location: 2F 2-2: Ground out 4-3 (Groundball, 4, EV 91.2 MPH)
|
Batting: RHB Amare Brown
|
0-0: Ground out 1-3 (Groundball, 13, EV 70.6 MPH)
|
Batting: LHB Bill Helmer
|
0-0: SINGLE (Groundball, 56, EV 96.9 MPH)
|
Batting: RHB Edwin Nunez
|
0-0: Foul Ball, location: 2F 0-1: Ground out 6-3 (Groundball, 6MD, EV 81.2 MPH)
|
Bottom of the 4th over - 3 runs, 4 hits, 0 errors, 1 left on base; Colorado 2 - Oakland 3 |
TOP OF THE 5TH |
Colorado Avalanche batting - Pitching for Oakland Oaks : RHP Herman McPherson
|
Batting: LHB Jerry Santana
|
0-0: Foul Ball, location: 2F 0-1: Ball 1-1: Foul Ball, location: 2F 1-2: Ball 2-2: Strikes out swinging
|
Pinch Hitting: SHB Brad Madden
|
0-0: DOUBLE (Line Drive, 8LXD, EV 111.9 MPH)
|
Pinch Hitting: LHB Georges Lambert
|
0-0: Called Strike 0-1: Foul Ball, location: 2F 0-2: Foul Ball, location: 2F 0-2: Ball 1-2: Strikes out looking
|
Batting: LHB Zane Kelton
|
0-0: Foul Ball, location: 2F 0-1: Ball 1-1: Ball 2-1: Foul Ball, location: 2F 2-2: Foul Ball, location: 2F 2-2: Foul Ball, location: 2F 2-2: Fly out, F7 (Flyball, 78M, EV 85.6 MPH)
|
Top of the 5th over - 0 runs, 1 hit, 0 errors, 1 left on base; Colorado 2 - Oakland 3 |
BOTTOM OF THE 5TH |
Oakland Oaks batting - Pitching for Colorado Avalanche : RHP Don Carriere
|
Now at SS: Georges Lambert
|
|
Now in LF: Brad Madden
|
|
Batting: RHB Dave Villarreal
|
0-0: Ball 1-0: Ground out 6-3 (Groundball, 6, EV 109.4 MPH)
|
Batting: RHB Gabe Secundino
|
0-0: Called Strike 0-1: Ball 1-1: Ball 2-1: Ball 3-1: Base on Balls
|
Batting: RHB Nathaniel Adderley
|
0-0: Foul Ball, location: 2F 0-1: Ball 1-1: TRIPLE (Line Drive, 8LXD, EV 112.5 MPH) Gabe Secundino scores
|
Batting: RHB Pete Goerge
|
0-0: Ball 1-0: Called Strike 1-1: Hit by Pitch
|
Batting: RHB Rafael Alarcon
|
0-0: Ball 1-0: Fly out, F4 (Popup, 4, EV 64.4 MPH)
|
Batting: RHB Ryan Jennings
|
0-0: Foul Ball, location: 2F 0-1: Ball 1-1: Called Strike 1-2: Ball 2-2: Fly out, F8 (Flyball, 8LD, EV 90.6 MPH)
|
Bottom of the 5th over - 1 run, 1 hit, 0 errors, 2 left on base; Colorado 2 - Oakland 4 |
TOP OF THE 6TH |
Colorado Avalanche batting - Pitching for Oakland Oaks : RHP Herman McPherson
|
Batting: LHB Mick Tucker
|
0-0: Called Strike 0-1: Foul Ball, location: 2F 0-2: Ball 1-2: Ball 2-2: Ball 3-2: DOUBLE (Flyball, 78D, EV 91.9 MPH)
|
Batting: RHB Chris Tatum
|
0-0: Ball 1-0: Foul Ball, location: 2F 1-1: Ball 2-1: Foul Ball, location: 2F 2-2: Ball 3-2: Foul Ball, location: 2F 3-2: Foul Ball, location: 2F 3-2: Foul Ball, location: 2F 3-2: 2-RUN HOME RUN (Line Drive, 7D, EV 101.2 MPH), Distance : 379 ft
|
Batting: SHB Ken Griffey IV
|
0-0: Fly out, F7 (Flyball, 7, EV 94.4 MPH)
|
Batting: RHB Seisaburo Edagawa
|
0-0: Called Strike 0-1: Ball 1-1: Ball 2-1: Foul Ball, location: 2F 2-2: Ground out 5-3 (Groundball, 56, EV 82.5 MPH)
|
Batting: RHB Bob Hayes
|
0-0: Ball 1-0: Called Strike 1-1: Swinging Strike 1-2: Foul Ball, location: 2F 1-2: Strikes out swinging
|
Top of the 6th over - 2 runs, 2 hits, 0 errors, 0 left on base; Colorado 4 - Oakland 4 |
BOTTOM OF THE 6TH |
Oakland Oaks batting - Pitching for Colorado Avalanche : RHP Don Carriere
|
Batting: RHB Amare Brown
|
0-0: Ball 1-0: Ground out 6-3 (Groundball, 6, EV 90.0 MPH)
|
Batting: LHB Bill Helmer
|
0-0: Ball 1-0: Ball 2-0: Ball 3-0: Base on Balls
|
Batting: RHB Edwin Nunez
|
0-0: 2-RUN HOME RUN (Flyball, 7LD, EV 91.9 MPH), Distance : 332 ft
|
Pitching: LHP Juan Vargas
|
|
Batting: RHB Dave Villarreal
|
0-0: Called Strike 0-1: Ball 1-1: Ball 2-1: Foul Ball, location: 2F 2-2: Strikes out swinging
|
Batting: RHB Gabe Secundino
|
0-0: Ball 1-0: Ground out 6-3 (Groundball, 6S, EV 87.5 MPH)
|
Bottom of the 6th over - 2 runs, 1 hit, 0 errors, 0 left on base; Colorado 4 - Oakland 6 |
TOP OF THE 7TH |
Colorado Avalanche batting - Pitching for Oakland Oaks : RHP Herman McPherson
|
Pitching: RHP Andy Teague
|
|
Batting: LHB Jerry Santana
|
0-0: Swinging Strike 0-1: Foul Ball, location: 2F 0-2: Ball 1-2: Foul Ball, location: 2F 1-2: Strikes out swinging
|
Batting: SHB Brad Madden
|
0-0: Ball 1-0: Called Strike 1-1: DOUBLE (Line Drive, 7LM, EV 95.6 MPH)
|
Batting: LHB Georges Lambert
|
0-0: Foul Ball, location: 2F 0-1: Ball 1-1: Ball 2-1: Ball 3-1: Called Strike 3-2: Foul Ball, location: 2F 3-2: Foul Ball, location: 2F 3-2: Base on Balls
|
Pinch Runner at 2nd John Clark:
|
|
Batting: LHB Zane Kelton
|
0-0: Ball 1-0: Foul Ball, location: 2F 1-1: Called Strike 1-2: Foul Ball, location: 2F 1-2: Strikes out swinging
|
Batting: LHB Mick Tucker
|
0-0: Swinging Strike 0-1: Ball 1-1: Ball 2-1: Foul Ball, location: 2F 2-2: Strikes out swinging
|
Top of the 7th over - 0 runs, 1 hit, 0 errors, 2 left on base; Colorado 4 - Oakland 6 |
BOTTOM OF THE 7TH |
Oakland Oaks batting - Pitching for Colorado Avalanche : LHP Juan Vargas
|
Now in LF: John Clark
|
|
Batting: RHB Nathaniel Adderley
|
0-0: Swinging Strike 0-1: Called Strike 0-2: Strikes out swinging
|
Batting: RHB Pete Goerge
|
0-0: Called Strike 0-1: Swinging Strike 0-2: Strikes out looking
|
Batting: RHB Rafael Alarcon
|
0-0: Called Strike 0-1: Ball 1-1: Ball 2-1: Foul Ball, location: 2F 2-2: Ball 3-2: Foul Ball, location: 2F 3-2: SINGLE (Line Drive, 6MD, EV 96.2 MPH)
|
Batting: RHB Ryan Jennings
|
0-0: Called Strike 0-1: Ball 1-1: Ball 2-1: Ball 3-1: Foul Ball, location: 2F 3-2: Strikes out swinging
|
Bottom of the 7th over - 0 runs, 1 hit, 0 errors, 1 left on base; Colorado 4 - Oakland 6 |
TOP OF THE 8TH |
Colorado Avalanche batting - Pitching for Oakland Oaks : RHP Andy Teague
|
Pitching: RHP Joey Patrick
|
|
Now at 1B: Diego Vega
|
|
Batting: RHB Chris Tatum
|
0-0: Swinging Strike 0-1: Ball 1-1: Foul Ball, location: 2F 1-2: Ball 2-2: Ball 3-2: Strikes out swinging
|
Pinch Hitting: RHB Brent Montagano
|
0-0: Ball 1-0: Ball 2-0: Foul Ball, location: 2F 2-1: Foul Ball, location: 2F 2-2: Strikes out swinging
|
Batting: RHB Seisaburo Edagawa
|
0-0: Foul Ball, location: 2F 0-1: Called Strike 0-2: Strikes out looking
|
Top of the 8th over - 0 runs, 0 hits, 0 errors, 0 left on base; Colorado 4 - Oakland 6 |
BOTTOM OF THE 8TH |
Oakland Oaks batting - Pitching for Colorado Avalanche : LHP Juan Vargas
|
Now in CF: Ighlas Mwara
|
|
Batting: RHB Amare Brown
|
0-0: Ball 1-0: Foul Ball, location: 2F 1-1: Ball 2-1: Foul Ball, location: 2F 2-2: Strikes out looking
|
Batting: LHB Bill Helmer
|
0-0: Ball 1-0: Swinging Strike 1-1: DOUBLE (Line Drive, 89M, EV 106.2 MPH)
|
Batting: RHB Edwin Nunez
|
0-0: Swinging Strike 0-1: Called Strike 0-2: Foul Ball, location: 2F 0-2: Strikes out swinging, 2-3 out at first.
|
Batting: RHB Dave Villarreal
|
0-0: Foul Ball, location: 2F 0-1: Ball 1-1: Foul Ball, location: 2F 1-2: Strikes out swinging
|
Bottom of the 8th over - 0 runs, 1 hit, 0 errors, 1 left on base; Colorado 4 - Oakland 6 |
TOP OF THE 9TH |
Colorado Avalanche batting - Pitching for Oakland Oaks : RHP Joey Patrick
|
Pitching: LHP Jason Hahn
|
|
Now at 1B: Justin Conley
|
|
Now in RF: Diego Vega
|
|
Batting: RHB Bob Hayes
|
0-0: SINGLE (Groundball, 56D, EV 100.6 MPH)
|
Pinch Hitting: RHB Eric Delgado
|
0-0: Called Strike 0-1: SINGLE (Groundball, 56S, EV 64.4 MPH) (infield hit) Bob Hayes to second
|
Pinch Runner at 2nd Clayton Saunders:
|
|
Batting: RHB John Clark
|
0-0: Foul Ball, location: 2F 0-1: Called Strike 0-2: Ball 1-2: Ball 2-2: Ball 3-2: Grounds into double play, 5-4-3 (Groundball, 56, EV 103.1 MPH) Clayton Saunders to third
|
Pinch Hitting: RHB Wali Mulogo
|
0-0: Ball 1-0: Called Strike 1-1: Ball 2-1: 2-RUN HOME RUN (Flyball, 78XD, EV 113.8 MPH), Distance : 424 ft
|
Pinch Hitting: RHB Bryce Hickman
|
0-0: Ball 1-0: Called Strike 1-1: Ball 2-1: Foul Ball, location: 2F 2-2: Foul Ball, location: 2F 2-2: Fly out, F6 (Popup, 6, EV 55.0 MPH)
|
Top of the 9th over - 2 runs, 3 hits, 0 errors, 0 left on base; Colorado 6 - Oakland 6 |
BOTTOM OF THE 9TH |
Oakland Oaks batting - Pitching for Colorado Avalanche : LHP Juan Vargas
|
Pitching: LHP Glenn Lowther
|
|
Now at 2B: Carlos de Jesus
|
|
Now at 3B: Ryan Ward
|
|
Now at SS: Gashie Chimsima
|
|
Now in RF: Nick Martin
|
|
Batting: RHB Gabe Secundino
|
0-0: Called Strike 0-1: Foul Ball, location: 2F 0-2: Fly out, F9 (Flyball, 9D, EV 81.2 MPH)
|
Pinch Hitting: LHB Brian Puccio
|
0-0: Swinging Strike 0-1: Foul Ball, location: 2F 0-2: Ball 1-2: SINGLE (Groundball, 34, EV 103.1 MPH)
|
Batting: LHB Diego Vega
|
0-0: Ball 1-0: Foul Ball, location: 2F 1-1: Fly out, F7 (Flyball, 78M, EV 94.4 MPH)
|
Batting: RHB Rafael Alarcon
|
0-0: Ball 1-0: Foul Ball, location: 2F 1-1: Ball 2-1: Ground out 6-3 (Groundball, P, EV 81.2 MPH)
|
Bottom of the 9th over - 0 runs, 1 hit, 0 errors, 1 left on base; Colorado 6 - Oakland 6 |
TOP OF THE 10TH |
Colorado Avalanche batting - Pitching for Oakland Oaks : LHP Jason Hahn
|
Pitching: RHP Santiago Gonzalez
|
|
Now at 1B: Toyohiko Nakajima
|
|
Batting: LHB Mick Tucker
|
0-0: Ball 1-0: Ball 2-0: Foul Ball, location: 2F 2-1: Ball 3-1: Fly out, F9 (Line Drive, 9S, EV 90.6 MPH)
|
Batting: RHB Chris Tatum
|
0-0: Swinging Strike 0-1: Ball 1-1: Foul Ball, location: 2F 1-2: Ball 2-2: Ground out 1-3 (Groundball, 34S, EV 62.5 MPH)
|
Pinch Hitting: LHB Tom Bemis
|
0-0: Ball 1-0: Ball 2-0: Called Strike 2-1: Ball 3-1: Base on Balls
|
Batting: RHB Seisaburo Edagawa
|
0-0: Ball 1-0: Fly out, F7 (Line Drive, 7D, EV 90.6 MPH)
|
Top of the 10th over - 0 runs, 0 hits, 0 errors, 1 left on base; Colorado 6 - Oakland 6 |
BOTTOM OF THE 10TH |
Oakland Oaks batting - Pitching for Colorado Avalanche : LHP Glenn Lowther
|
Now in CF: Alex Valadez
|
|
Batting: RHB Ryan Jennings
|
0-0: Ball 1-0: Called Strike 1-1: Foul Ball, location: 2F 1-2: Ball 2-2: Strikes out swinging
|
Pitching: LHP Dan Ott
|
|
Batting: RHB Amare Brown
|
0-0: Ball 1-0: Ball 2-0: Ball 3-0: Base on Balls
|
Batting: LHB Bill Helmer
|
0-0: Swinging Strike 0-1: Ball 1-1: Foul Ball, location: 2F 1-2: Ball 2-2: Fielders Choice at 2nd, 4-6 (Groundball, 34, EV 79.4 MPH)
|
Batting: RHB Edwin Nunez
|
0-0: Swinging Strike 0-1: Foul Ball, location: 2F 0-2: Foul Ball, location: 2F 0-2: Ball 1-2: Ball 2-2: Ball 3-2: Strikes out swinging
|
Bottom of the 10th over - 0 runs, 0 hits, 0 errors, 1 left on base; Colorado 6 - Oakland 6 |
TOP OF THE 11TH |
Colorado Avalanche batting - Pitching for Oakland Oaks : RHP Santiago Gonzalez
|
Batting: LHB Nick Martin
|
0-0: Fly out, F8 (Flyball, 8RM, EV 91.2 MPH)
|
Batting: RHB Ryan Ward
|
0-0: Ground out 5-3 (Groundball, 56, EV 105.0 MPH)
|
Pinch Hitting: RHB Andy Rayer
|
0-0: Ball 1-0: Ball 2-0: Called Strike 2-1: Fly out, F6 (Popup, 6S, EV 70.0 MPH)
|
Top of the 11th over - 0 runs, 0 hits, 0 errors, 0 left on base; Colorado 6 - Oakland 6 |
BOTTOM OF THE 11TH |
Oakland Oaks batting - Pitching for Colorado Avalanche : LHP Dan Ott
|
Now in LF: Oscar Barahona
|
|
Pinch Hitting: RHB Kasey Sands
|
0-0: Foul Ball, location: 2F 0-1: Swinging Strike 0-2: Foul Ball, location: 2F 0-2: Foul Ball, location: 2F 0-2: Strikes out swinging
|
Batting: RHB Gabe Secundino
|
0-0: SINGLE (Groundball, 34D, EV 106.9 MPH)
|
Batting: RHB Toyohiko Nakajima
|
0-0: Ball 1-0: Called Strike 1-1: Ball 2-1: Foul Ball, location: 2F 2-2: Foul Ball, location: 2F 2-2: Ball 3-2: Foul Ball, location: 2F 3-2: Base on Balls Gabe Secundino to second
|
Batting: LHB Diego Vega
|
0-0: Ball 1-0: Ball 2-0: Swinging Strike 2-1: Foul Ball, location: 2F 2-2: Strikes out looking
|
Batting: RHB Rafael Alarcon
|
0-0: Ball 1-0: Fly out, F8 (Line Drive, 8LD, EV 90.0 MPH)
|
Bottom of the 11th over - 0 runs, 1 hit, 0 errors, 2 left on base; Colorado 6 - Oakland 6 |
TOP OF THE 12TH |
Colorado Avalanche batting - Pitching for Oakland Oaks : RHP Santiago Gonzalez
|
Now at C: Kasey Sands
|
|
Batting: RHB Carlos de Jesus
|
0-0: Foul Ball, location: 2F 0-1: Foul Ball, location: 2F 0-2: Foul Ball, location: 2F 0-2: Strikes out swinging
|
Pinch Hitting: RHB Dan Hoffman
|
0-0: Swinging Strike 0-1: Ball 1-1: Foul Ball, location: 2F 1-2: SINGLE (Flyball, 3D, EV 91.2 MPH)
|
Batting: LHB Mick Tucker
|
0-0: Ball 1-0: Called Strike 1-1: Fly out, F8 (Flyball, 8LXD, EV 83.8 MPH)
|
Batting: RHB Chris Tatum
|
0-0: Called Strike 0-1: Called Strike 0-2: Ball 1-2: Foul Ball, location: 2F 1-2: Foul Ball, location: 2F 1-2: Foul Ball, location: 2F 1-2: Ball 2-2: Ball 3-2: Foul Ball, location: 2F 3-2: Foul Ball, location: 2F 3-2: Foul Ball, location: 2F 3-2: SINGLE (Groundball, 6D, EV 101.9 MPH) Dan Hoffman to second Dan Hoffman to third
|
Pitching: RHP Ricky Mendoza
|
|
Pinch Hitting: RHB Keith Giarratano
|
0-0: Ball 1-0: Called Strike 1-1: Ball 2-1: Ball 3-1: Called Strike 3-2: Foul Ball, location: 2F 3-2: Foul Ball, location: 2F 3-2: Base on Balls Chris Tatum to second
|
Batting: RHB Seisaburo Edagawa
|
0-0: Ball 1-0: Ball 2-0: Called Strike 2-1: Called Strike 2-2: Foul Ball, location: 2F 2-2: Foul Ball, location: 2F 2-2: Ball 3-2: Fly out, F8 (Flyball, 78S, EV 89.4 MPH)
|
Top of the 12th over - 0 runs, 2 hits, 0 errors, 3 left on base; Colorado 6 - Oakland 6 |
BOTTOM OF THE 12TH |
Oakland Oaks batting - Pitching for Colorado Avalanche : LHP Dan Ott
|
Now at SS: Edwin Bejarano
|
|
Now in CF: Nick Martin
|
|
Now in RF: Juan Gallardo
|
|
Batting: RHB Ryan Jennings
|
0-0: Ball 1-0: Ball 2-0: Ball 3-0: Base on Balls
|
Batting: RHB Amare Brown
|
0-0: Sac Bunt to 15S - play at second, runner OUT! 1-6
|
Batting: LHB Bill Helmer
|
0-0: Ball 1-0: Ball 2-0: Ball 3-0: Base on Balls Amare Brown to second
|
Batting: RHB Edwin Nunez
|
0-0: Fly out, F3 (Popup, 3SF, EV 80.6 MPH)
|
Batting: RHB Kasey Sands
|
0-0: Called Strike 0-1: Foul Ball, location: 2F 0-2: Ball 1-2: Foul Ball, location: 2F 1-2: Ball 2-2: Foul Ball, location: 2F 2-2: Ball 3-2: Base on Balls Amare Brown to third Bill Helmer to second
|
Batting: RHB Gabe Secundino
|
0-0: Fly out, F7 (Flyball, 7D, EV 95.6 MPH)
|
Bottom of the 12th over - 0 runs, 0 hits, 0 errors, 3 left on base; Colorado 6 - Oakland 6 |
TOP OF THE 13TH |
Colorado Avalanche batting - Pitching for Oakland Oaks : RHP Ricky Mendoza
|
Batting: LHB Nick Martin
|
0-0: Foul Ball, location: 2F 0-1: Ball 1-1: Swinging Strike 1-2: SOLO HOME RUN (Flyball, 89XD, EV 108.8 MPH), Distance : 451 ft
|
Batting: RHB Ryan Ward
|
0-0: Ball 1-0: Foul Ball, location: 2F 1-1: Ball 2-1: SINGLE (Line Drive, 9LS, EV 98.1 MPH)
|
Batting: SHB Oscar Barahona
|
0-0: Sac Bunt to 3S - play at first, batter OUT! 3-4 Ryan Ward to second
|
Batting: RHB Carlos de Jesus
|
0-0: Ball 1-0: Swinging Strike 1-1: Foul Ball, location: 2F 1-2: Strikes out swinging
|
Batting: RHB Juan Gallardo
|
0-0: Ball 1-0: Called Strike 1-1: Ball Wild Pitch! Ryan Ward to third 2-1: Called Strike 2-2: Ball 3-2: SINGLE (Groundball, 34S, EV 71.2 MPH) (infield hit) Ryan Ward scores
|
Pitching: LHP Josh Bologna
|
|
Batting: LHB Mick Tucker
|
0-0: Foul Ball, location: 2F 0-1: Foul Ball, location: 2F 0-2: Fly out, F8 (Flyball, 8LXD, EV 96.9 MPH)
|
Top of the 13th over - 2 runs, 3 hits, 0 errors, 1 left on base; Colorado 8 - Oakland 6 |
BOTTOM OF THE 13TH |
Oakland Oaks batting - Pitching for Colorado Avalanche : LHP Dan Ott
|
Batting: RHB Toyohiko Nakajima
|
0-0: Ground out 5-3 (Groundball, 56S, EV 83.8 MPH)
|
Batting: LHB Diego Vega
|
0-0: Ball 1-0: Swinging Strike 1-1: Ball 2-1: Called Strike 2-2: Ball 3-2: SINGLE (Line Drive, 9S, EV 110.0 MPH)
|
Pitching: RHP Julio Marquez
|
|
Batting: RHB Rafael Alarcon
|
0-0: Called Strike 0-1: Foul Ball, location: 2F 0-2: Ball 1-2: Fly out, F8 (Flyball, 8RXD, EV 92.5 MPH)
|
Batting: RHB Ryan Jennings
|
0-0: Swinging Strike 0-1: Swinging Strike 0-2: Foul Ball, location: 2F 0-2: Strikes out swinging
|
Bottom of the 13th over - 0 runs, 1 hit, 0 errors, 1 left on base; Colorado 8 - Oakland 6 |
|